Map: Base du roi Sejong EC

Players

Denver - Winner!

  • Race: Zerg Zerg
  • League: Grandmaster

IIIIIIIIIII

  • Race: Zerg Zerg
  • League: Master

VOD

Have the link to the VOD?

Description

Time

  • Played on: Oct. 16, 2016, 7:20 a.m.
  • Length: 2:49
Show
View Real Time Build Order
Export as new Build Order

Denver Zerg - Winner!

Build Orders: Pool First 

Get SALT Encoding   

  12  0:01  Drone  
  13  0:10  Drone  
  14  0:25  Spawning Pool  
  13  0:30  Drone  
  13  0:31  Extractor  
  14  0:35  Drone  
  14  0:42  Drone, Extractor  
  14  0:49  Overlord  
  15  1:12  Zergling x2  
  15  1:13  Zergling x4  
  15  1:14  Queen  
  20  1:23  Baneling Nest  
  19  1:27  Zergling x2  
  20  1:35  Zergling x2  
  22  1:47  Zergling x2  
  22  2:03  Hatchery  
  22  2:07  Zergling x2  
  22  2:10  Baneling  
  22  2:11  Baneling  
  22  2:21  Overlord  
Show
View Real Time Build Order
Export as new Build Order

IIIIIIIIIII Zerg 

Build Orders: Hatch First 

Get SALT Encoding   

  12  0:03  Drone  
  13  0:13  Overlord  
  13  0:18  Drone  
  14  0:32  Drone x2  
  16  0:36  Drone  
  17  0:55  Hatchery  
  16  0:58  Drone  
  16  1:00  Drone  
  16  1:04  Extractor  
  17  1:09  Drone  
  18  1:21  Spawning Pool  
  17  1:27  Drone  
  17  1:31  Drone  
  19  1:48  Drone, Evolution Chamber  
  19  1:51  Overlord  
  19  2:09  Zergling x2  
  19  2:10  Spine Crawler, Queen, Zergling x2  
  22  2:16  Zergling x2  
  22  2:20  Baneling Nest  
  22  2:23  Zergling x2  
Tags
 
Add a new tag
Caveats
  • Supply blocks, unpowered buildings, or Contaminate may cause inaccurate times.
  • Supply counts are checked every 10 seconds.